HSSL
TULSA HS AS @ GRAND RAPIDS HS SUMMIT
04/02/2030
 
TOP OF THE 1ST
Tulsa HS As batting - Pitching for Grand Rapids HS Summit : RHP Tom Maynard
Pitching: RHP Tom Maynard
Batting: RHB Ralph Young 0-0: Fly out, F8 (Flyball, 8LM)
Batting: LHB Dave Leclair 0-0: Ball
1-0: Called Strike
1-1: Fly out, F4 (Line Drive, 4)
Batting: LHB Mark Wheeler 0-0: Foul Ball, location: 2F
0-1: Ball
1-1: Ball
2-1: Called Strike
2-2: Foul Ball, location: 2F
2-2: Ball
3-2: SOLO HOME RUN (Flyball, 9D), Distance : 371 ft
Batting: SHB José Hernández 0-0: Called Strike
0-1: Foul Ball, location: 2F
0-2: Ball
1-2: SINGLE (Line Drive, 4MD)
Batting: LHB Chris Smith 0-0: Foul Ball, location: 2F
0-1: Ball
1-1: Ball
2-1: Ball
3-1: Fielders Choice at 2nd, 5-4 (Groundball, 56)
Top of the 1st over - 1 run, 2 hits, 0 errors, 1 left on base; Tulsa HS 1 - Grand Rapids HS 0
BOTTOM OF THE 1ST
Grand Rapids HS Summit batting - Pitching for Tulsa HS As : RHP Floyd Walton
Pitching: RHP Floyd Walton
Batting: RHB Tyler Long 0-0: Called Strike
0-1: Ball
1-1: Called Strike
1-2: Ball
2-2: Ball
3-2: Base on Balls
Batting: RHB Curt Welsh 0-0: Called Strike
0-1: Called Strike
0-2: Strikes out looking
Batting: RHB Harry Wade 0-0: Ball
1-0: Ball
2-0: Fly out, F8 (Flyball, 8RM)
Batting: RHB Bob Murdock 0-0: Ball
1-0: Reached on error, E5 (Groundball, 5)
Tyler Long to second
Batting: RHB Juan Cruz 0-0: Ball
1-0: Ball
2-0: Ball
3-0: Called Strike
3-1: Called Strike
3-2: Base on Balls
Tyler Long to third
Bob Murdock to second
Batting: RHB Jason Holland 0-0: Called Strike
0-1: Ball
1-1: Called Strike
1-2: Strikes out swinging
Bottom of the 1st over - 0 runs, 0 hits, 1 error, 3 left on base; Tulsa HS 1 - Grand Rapids HS 0
TOP OF THE 2ND
Tulsa HS As batting - Pitching for Grand Rapids HS Summit : RHP Tom Maynard
Batting: RHB Dale Bennett 0-0: Ball
1-0: Ball
2-0: Ball
3-0: Called Strike
3-1: Fly out, F9 (Flyball, 9S)
Batting: RHB Ricky Thomas 0-0: Ball
1-0: Ball
2-0: Called Strike
2-1: Foul Ball, location: 2F
2-2: Strikes out swinging
Batting: RHB Trent Rowe 0-0: Foul Ball, location: 2F
0-1: Ball
1-1: Ball
2-1: Foul Ball, location: 2F
2-2: Foul Ball, location: 2F
2-2: Ball
3-2: Foul Ball, location: 2F
3-2: Fly out, F8 (Line Drive, 8RXD)
Top of the 2nd over - 0 runs, 0 hits, 0 errors, 0 left on base; Tulsa HS 1 - Grand Rapids HS 0
BOTTOM OF THE 2ND
Grand Rapids HS Summit batting - Pitching for Tulsa HS As : RHP Floyd Walton
Batting: RHB Brian Conway 0-0: Ball
1-0: Swinging Strike
1-1: Foul Ball, location: 2F
1-2: Fly out, F7 (Flyball, 7S)
Batting: RHB Dongdo-pa Hou 0-0: Called Strike
0-1: Ball
1-1: Called Strike
1-2: Ball
2-2: Strikes out looking
Batting: LHB Martin Greene 0-0: Foul Ball, location: 2F
0-1: Called Strike
0-2: Ball
1-2: Ball
2-2: Ground out 4-3 (Groundball, 4)
Bottom of the 2nd over - 0 runs, 0 hits, 0 errors, 0 left on base; Tulsa HS 1 - Grand Rapids HS 0
TOP OF THE 3RD
Tulsa HS As batting - Pitching for Grand Rapids HS Summit : RHP Tom Maynard
Batting: RHB Brendon Keifer 0-0: Ball
1-0: Swinging Strike
1-1: Swinging Strike
1-2: Strikes out swinging
Batting: RHB Ralph Young 0-0: Called Strike
0-1: Foul Ball, location: 2F
0-2: Ball
1-2: SINGLE (Groundball, 56D)
Batting: LHB Dave Leclair 0-0: SINGLE (Line Drive, 4MD)
Ralph Young to second
Batting: LHB Mark Wheeler 0-0: SINGLE (Line Drive, 9S)
Ralph Young to third
Dave Leclair to second
Runner from 3rd tries for Home, SAFE, no throw
Batting: SHB José Hernández 0-0: Called Strike
0-1: Ball
1-1: Called Strike
1-2: Ball
2-2: SINGLE (Flyball, 8RM)
Dave Leclair to third
Mark Wheeler to second
Runner from 3rd tries for Home, SAFE, no throw
Batting: LHB Chris Smith 0-0: Ball
1-0: 3-RUN HOME RUN (Flyball, 9LD), Distance : 342 ft
Batting: RHB Dale Bennett 0-0: Ball
1-0: Ball
2-0: Called Strike
2-1: Foul Ball, location: 2F
2-2: Strikes out swinging
Batting: RHB Ricky Thomas 0-0: Ball
1-0: Ball
2-0: Ball
3-0: Called Strike
3-1: Swinging Strike
3-2: Strikes out swinging
Top of the 3rd over - 5 runs, 5 hits, 0 errors, 0 left on base; Tulsa HS 6 - Grand Rapids HS 0
BOTTOM OF THE 3RD
Grand Rapids HS Summit batting - Pitching for Tulsa HS As : RHP Floyd Walton
Batting: RHB Tyler Long 0-0: Called Strike
0-1: Swinging Strike
0-2: Ball
1-2: Fly out, F8 (Line Drive, 8LD)
Batting: RHB Curt Welsh 0-0: Foul Ball, location: 2F
0-1: Ball
1-1: Ball
2-1: Called Strike
2-2: Foul Ball, location: 2F
2-2: Fly out, F9 (Line Drive, 9)
Batting: RHB Harry Wade 0-0: Called Strike
0-1: SINGLE (Groundball, 25) (infield hit)
Batting: RHB Bob Murdock 0-0: Ball
1-0: SINGLE (Groundball, 34D)
Harry Wade to second
Throwing error, E9
Harry Wade scores
Bob Murdock to second
Batting: RHB Juan Cruz 0-0: Ball
1-0: Foul Ball, location: 2F
1-1: Fly out, F4 (Line Drive, 4)
Bottom of the 3rd over - 1 run, 2 hits, 1 error, 1 left on base; Tulsa HS 6 - Grand Rapids HS 1
TOP OF THE 4TH
Tulsa HS As batting - Pitching for Grand Rapids HS Summit : RHP Tom Maynard
Batting: RHB Trent Rowe 0-0: Ball
1-0: Called Strike
1-1: Ball
2-1: Foul Ball, location: 2F
2-2: Ball
3-2: Base on Balls
Batting: RHB Brendon Keifer 0-0: Ball
1-0: Foul Ball, location: 2F
1-1: Ball
2-1: Foul Ball, location: 2F
2-2: Foul Ball, location: 2F
2-2: Strikes out looking
Batting: RHB Ralph Young 0-0: Ball
1-0: Foul Ball, location: 2F
1-1: Ball
2-1: 2-RUN HOME RUN (Flyball, 89XD), Distance : 374 ft
Pitching: LHP Chase Callahan
Batting: LHB Dave Leclair 0-0: Ball
1-0: Ball
2-0: Called Strike
2-1: Called Strike
2-2: SINGLE (Flyball, 9LS) - OUT at second base trying to stretch hit.
Batting: LHB Mark Wheeler 0-0: Called Strike
0-1: Foul Ball, location: 2F
0-2: Ball
1-2: Ball
2-2: Fly out, F8 (Line Drive, 8RM)
Top of the 4th over - 2 runs, 2 hits, 0 errors, 0 left on base; Tulsa HS 8 - Grand Rapids HS 1
BOTTOM OF THE 4TH
Grand Rapids HS Summit batting - Pitching for Tulsa HS As : RHP Floyd Walton
Batting: RHB Jason Holland 0-0: Ball
1-0: Foul Ball, location: 2F
1-1: SINGLE (Flyball, 89S)
Batting: RHB Brian Conway 0-0: Ball
1-0: Foul Ball, location: 2F
1-1: Swinging Strike
1-2: Fly out, F7 (Flyball, 7)
Batting: RHB Dongdo-pa Hou 0-0: Called Strike
0-1: Ball
1-1: TRIPLE (Line Drive, 8LXD)
Jason Holland scores
Batting: LHB Martin Greene 0-0: Ground out U3 (Groundball, 3)
Batting: RHB Tyler Long 0-0: Ground out 6-3 (Groundball, 6S)
Bottom of the 4th over - 1 run, 2 hits, 0 errors, 1 left on base; Tulsa HS 8 - Grand Rapids HS 2
TOP OF THE 5TH
Tulsa HS As batting - Pitching for Grand Rapids HS Summit : LHP Chase Callahan
Batting: SHB José Hernández 0-0: Called Strike
0-1: Foul Ball, location: 2F
0-2: Ball
1-2: Ball
2-2: Strikes out looking
Batting: LHB Chris Smith 0-0: Ball
1-0: Foul Ball, location: 2F
1-1: Foul Ball, location: 2F
1-2: Ball
2-2: Strikes out swinging
Batting: RHB Dale Bennett 0-0: Ground out 5-3 (Groundball, 5L)
Top of the 5th over - 0 runs, 0 hits, 0 errors, 0 left on base; Tulsa HS 8 - Grand Rapids HS 2
BOTTOM OF THE 5TH
Grand Rapids HS Summit batting - Pitching for Tulsa HS As : RHP Floyd Walton
Batting: RHB Curt Welsh 0-0: Ball
1-0: Swinging Strike
1-1: Ball
2-1: Ball
3-1: Foul Ball, location: 2F
3-2: Fly out, F8 (Flyball, 8RD)
Batting: RHB Harry Wade 0-0: Called Strike
0-1: Ball
1-1: Single, Error in OF, E8, batter to second base
Batting: RHB Bob Murdock 0-0: SINGLE (Groundball, 56D)
Harry Wade to third
Runner from 3rd tries for Home, throw and OUT!
Batting: RHB Juan Cruz 0-0: Ball
1-0: Called Strike
1-1: Called Strike
1-2: Ball
2-2: Ball
Wild Pitch!
Bob Murdock to second
3-2: Foul Ball, location: 2F
3-2: Ground out U3 (Groundball, 3)
Bottom of the 5th over - 0 runs, 2 hits, 1 error, 1 left on base; Tulsa HS 8 - Grand Rapids HS 2
TOP OF THE 6TH
Tulsa HS As batting - Pitching for Grand Rapids HS Summit : LHP Chase Callahan
Batting: RHB Ricky Thomas 0-0: Called Strike
0-1: Foul Ball, location: 2F
0-2: Ball
1-2: Ball
2-2: Ball
3-2: Strikes out swinging
Batting: RHB Trent Rowe 0-0: Called Strike
0-1: SOLO HOME RUN (Flyball, 78XD), Distance : 367 ft
Batting: RHB Brendon Keifer 0-0: Swinging Strike
0-1: Ball
1-1: Ball
2-1: Foul Ball, location: 2F
2-2: Ball
3-2: Foul Ball, location: 2F
3-2: Base on Balls
Batting: RHB Ralph Young 0-0: Ball
1-0: Ball
2-0: Called Strike
2-1: Foul Ball, location: 2F
2-2: Fielders Choice at 2nd, 6-4 (Groundball, 6)
Batting: LHB Dave Leclair 0-0: Called Strike
0-1: Ball
1-1: Fly out, F1 (Line Drive, 13)
Top of the 6th over - 1 run, 1 hit, 0 errors, 1 left on base; Tulsa HS 9 - Grand Rapids HS 2
BOTTOM OF THE 6TH
Grand Rapids HS Summit batting - Pitching for Tulsa HS As : RHP Floyd Walton
Pitching: RHP Benoît Coulombe
Batting: RHB Jason Holland 0-0: Ball
1-0: SINGLE (Groundball, 56D)
Batting: RHB Brian Conway 0-0: Called Strike
0-1: Ball
1-1: Called Strike
1-2: Ball
2-2: Ball
3-2: Strikes out looking
Batting: RHB Dongdo-pa Hou 0-0: Fly out, F7 (Flyball, 7)
Batting: LHB Martin Greene 0-0: Fly out, F8 (Line Drive, 8LD)
Bottom of the 6th over - 0 runs, 1 hit, 0 errors, 1 left on base; Tulsa HS 9 - Grand Rapids HS 2
TOP OF THE 7TH
Tulsa HS As batting - Pitching for Grand Rapids HS Summit : LHP Chase Callahan
Batting: LHB Mark Wheeler 0-0: Ball
1-0: Foul Ball, location: 2F
1-1: Ball
2-1: Fly out, F9 (Flyball, 9)
Batting: SHB José Hernández 0-0: Ball
1-0: Ball
2-0: Foul Ball, location: 2F
2-1: Foul Ball, location: 2F
2-2: Fly out, F9 (Flyball, 9LM)
Batting: LHB Chris Smith 0-0: Swinging Strike
0-1: SINGLE (Groundball, 56D)
Batting: RHB Dale Bennett 0-0: Ball
Passed Ball!
Chris Smith to second
1-0: Ball
2-0: Foul Ball, location: 2F
2-1: Called Strike
2-2: Foul Ball, location: 2F
2-2: Strikes out swinging
Top of the 7th over - 0 runs, 1 hit, 0 errors, 1 left on base; Tulsa HS 9 - Grand Rapids HS 2
BOTTOM OF THE 7TH
Grand Rapids HS Summit batting - Pitching for Tulsa HS As : RHP Benoît Coulombe
Batting: RHB Tyler Long 0-0: Called Strike
0-1: Ball
1-1: Called Strike
1-2: SINGLE (Line Drive, 7LS)
Batting: RHB Curt Welsh 0-0: Foul Ball, location: 2F
0-1: Ball
1-1: SINGLE (Line Drive, 34)
Tyler Long to second
Batting: RHB Harry Wade 0-0: Ball
1-0: Ball
2-0: Called Strike
2-1: Foul Ball, location: 2F
2-2: Ball
3-2: Fly out, F9 (Line Drive, 9)
Batting: RHB Bob Murdock 0-0: Ball
1-0: Foul Ball, location: 2F
1-1: Foul Ball, location: 2F
1-2: Ball
2-2: Foul Ball, location: 2F
2-2: Foul Ball, location: 2F
2-2: Ball
3-2: Strikes out looking
Batting: RHB Juan Cruz 0-0: Ball
1-0: Called Strike
1-1: Swinging Strike
1-2: Foul Ball, location: 2F
1-2: Strikes out swinging
Bottom of the 7th over - 0 runs, 2 hits, 0 errors, 2 left on base; Tulsa HS 9 - Grand Rapids HS 2
TOP OF THE 8TH
Tulsa HS As batting - Pitching for Grand Rapids HS Summit : LHP Chase Callahan
Batting: RHB Ricky Thomas 0-0: SINGLE (Flyball, 89S)
Pitching: RHP Thomas Parker
Batting: RHB Trent Rowe 0-0: Ball
1-0: Ball
2-0: Called Strike
2-1: 2-RUN HOME RUN (Flyball, 7D), Distance : 350 ft
Batting: RHB Brendon Keifer 0-0: Ball
1-0: Foul Ball, location: 2F
1-1: Foul Ball, location: 2F
1-2: SINGLE (Groundball, 34D)
Batting: RHB Ralph Young 0-0: Called Strike
0-1: Called Strike
0-2: 2-RUN HOME RUN (Flyball, 78XD), Distance : 375 ft
Batting: LHB Dave Leclair 0-0: Swinging Strike
0-1: Swinging Strike
0-2: Ball
1-2: Ball
2-2: Strikes out swinging
Batting: LHB Mark Wheeler 0-0: Called Strike
0-1: SINGLE (Groundball, 4MD)
Batting: SHB José Hernández 0-0: Ball
1-0: Ball
Wild Pitch!
Mark Wheeler to second
2-0: Called Strike
2-1: Ball
3-1: Base on Balls
Batting: LHB Chris Smith 0-0: Foul Ball, location: 2F
0-1: Ball
1-1: Ball
2-1: Swinging Strike
2-2: Foul Ball, location: 2F
2-2: Ball
3-2: Base on Balls
Mark Wheeler to third
José Hernández to second
Batting: RHB Dale Bennett 0-0: Ball
1-0: Ball
2-0: Called Strike
2-1: Grounds into double play, 4-6-3 (Groundball, 4)
Top of the 8th over - 4 runs, 5 hits, 0 errors, 2 left on base; Tulsa HS 13 - Grand Rapids HS 2
BOTTOM OF THE 8TH
Grand Rapids HS Summit batting - Pitching for Tulsa HS As : RHP Benoît Coulombe
Now at 2B: Raúl García
Now in RF: Jared Tuttle
Batting: RHB Jason Holland 0-0: Ball
1-0: Ball
2-0: Called Strike
2-1: Swinging Strike
2-2: Strikes out looking
Batting: RHB Brian Conway 0-0: Ball
1-0: Ball
2-0: Called Strike
2-1: Called Strike
2-2: Foul Ball, location: 2F
2-2: Foul Ball, location: 2F
2-2: Foul Ball, location: 2F
2-2: Ball
3-2: Foul Ball, location: 2F
3-2: Foul Ball, location: 2F
3-2: Strikes out swinging
Batting: RHB Dongdo-pa Hou 0-0: Ball
1-0: Called Strike
1-1: Ball
2-1: Ball
3-1: Ground out 1-3 (Groundball, 15S)
Bottom of the 8th over - 0 runs, 0 hits, 0 errors, 0 left on base; Tulsa HS 13 - Grand Rapids HS 2
TOP OF THE 9TH
Tulsa HS As batting - Pitching for Grand Rapids HS Summit : RHP Thomas Parker
Batting: RHB Ricky Thomas 0-0: Ball
1-0: Ball
2-0: Called Strike
2-1: Ball
3-1: Foul Ball, location: 2F
3-2: Base on Balls
Batting: RHB Trent Rowe 0-0: Ball
1-0: SINGLE (Groundball, 5D)
Ricky Thomas to second
Batting: RHB Brendon Keifer 0-0: Ball
1-0: Called Strike
1-1: Ball
2-1: Ball
3-1: Foul Ball, location: 2F
3-2: Fly out, F8 (Flyball, 8RXD)
Runner from 2nd tags up, SAFE at 3rd, no throw
Batting: RHB Ralph Young 0-0: Ball
1-0: Called Strike
1-1: Called Strike
1-2: Ball
2-2: Foul Ball, location: 2F
2-2: Ball
3-2: Base on Balls
Trent Rowe to second
Pitching: RHP Louis Buck
Batting: LHB Dave Leclair 0-0: Ball
1-0: Swinging Strike
1-1: Called Strike
1-2: Ball
2-2: Ball
3-2: Base on Balls
Ricky Thomas scores
Trent Rowe to third
Ralph Young to second
Batting: LHB Jared Tuttle 0-0: Ball
1-0: Called Strike
1-1: Foul Ball, location: 2F
1-2: Ball
2-2: Strikes out swinging
Batting: RHB Raúl García 0-0: Called Strike
0-1: Ball
1-1: Ball
2-1: Ball
3-1: Foul Ball, location: 2F
3-2: Foul Ball, location: 2F
3-2: Base on Balls
Trent Rowe scores
Ralph Young to third
Dave Leclair to second
Batting: LHB Chris Smith 0-0: Ball
1-0: Ball
2-0: Called Strike
2-1: Called Strike
2-2: Ball
3-2: Base on Balls
Ralph Young scores
Dave Leclair to third
Raúl García to second
Batting: RHB Dale Bennett 0-0: Called Strike
0-1: Ball
1-1: Swinging Strike
1-2: GRAND SLAM HOME RUN (Flyball, 7LD), Distance : 325 ft
Batting: RHB Ricky Thomas 0-0: Ball
1-0: Swinging Strike
1-1: Ball
2-1: Foul Ball, location: 2F
2-2: Strikes out swinging
Top of the 9th over - 7 runs, 2 hits, 0 errors, 0 left on base; Tulsa HS 20 - Grand Rapids HS 2
BOTTOM OF THE 9TH
Grand Rapids HS Summit batting - Pitching for Tulsa HS As : RHP Benoît Coulombe
Batting: LHB Martin Greene 0-0: Swinging Strike
0-1: Ground out 6-3 (Groundball, 6M)
Batting: RHB Tyler Long 0-0: Swinging Strike
0-1: Ball
1-1: Ball
2-1: Ball
3-1: Base on Balls
Pitching: RHP William Phillips
Batting: RHB Curt Welsh 0-0: Called Strike
0-1: Foul Ball, location: 2F
0-2: Ball
1-2: Ball
2-2: Ball
3-2: Strikes out swinging
Batting: RHB Harry Wade 0-0: Called Strike
0-1: Called Strike
0-2: Foul Ball, location: 2F
0-2: Foul Ball, location: 2F
0-2: Ground out 1-3 (Groundball, 13)
Bottom of the 9th over - 0 runs, 0 hits, 0 errors, 1 left on base; Tulsa HS 20 - Grand Rapids HS 2
Saturday, April 7th, 2018 - OOTP Baseball 18.8 Build 76